 Dungeon Crawl Stone Soup version 0.30.0-18-gc0e69614cb (webtiles) character file.

Game seed: 11185100792356364359

609 Brutalitops the Changer (level 7, 0/32 HPs)
             Began as a Spriggan Transmuter on May 25, 2023.
             Was an Initiate of Qazlal.
             Slain by a killer bee (8 damage)
             ... on level 5 of the Dungeon.
             The game lasted 00:20:19 (4901 turns).

Brutalitops the Changer (Spriggan Transmuter)       Turns: 4901, Time: 00:20:20

Health: 0/32       AC:  2    Str:  6    XL:     7   Next: 19%
Magic:  11/15      EV: 22    Int: 16    God:    Qazlal [......]
Gold:   66         SH:  0    Dex: 21    Spells: 10/16 levels left

rFire   . .          .
                       - Unarmed
rCold   + . .        (shield currently unavailable)
rNeg    . . .        a - melded +1 robe
rPois   x            (helmet currently unavailable)
rElec   .            d - melded +0 cloak
rCorr   .            (gloves unavailable)
SInv    +            (boots unavailable)
Will    +....        h - amulet of regeneration
Stlth   +++          n - ring of protection from cold
HPRegen 1.05/turn    (no ring)
MPRegen 0.14/turn

%: no passive effects
@: lethally poisoned (0 -> -3), spider-form
A: venomous fangs, tiny, no large weapons, unfitting armour, see invisible,
(speed 3)
a: End Transformation, Renounce Religion


You were on level 5 of the Dungeon.
You worshipped Qazlal.
Qazlal was noncommittal.
You were a venomous arachnid creature.
You visited 1 branch of the dungeon, and saw 5 of its levels.
You also visited: Sewer.

You collected 456 gold pieces.
You spent 390 gold pieces at shops.

Inventory:

Armour
 a - a +1 robe (melded)
 d - a +0 cloak (melded)
Magical Staves
 m - the staff of fire "Pihat" {rF+ Str+6}
   (You found it on level 4 of the Dungeon)

   [staff of fire]

   Base accuracy: +5 Base damage: 5 Base attack delay: 1.2 This weapon's minimum
   attack delay (0.6) is reached at skill level 12.
   Str:       It affects your strength (+6).
   rF:        It protects you from fire.
   It falls into the 'Staves' category.
   It is a two-handed weapon.
Jewellery
 h - an amulet of regeneration (around neck)
 n - a ring of protection from cold (left front pincers)
Scrolls
 c - 4 scrolls of teleportation
 l - a scroll of summoning
Potions
 b - a potion of lignification
 e - 5 potions of flight
 f - 2 potions of mutation
 g - a potion of heal wounds
 i - a potion of berserk rage {unknown}
 j - a potion of brilliance {unknown}
 k - a potion of might {unknown}
 o - a potion of curing


   Skills:
 + Level 0.9 Fighting
 + Level 4.0 Dodging
 + Level 3.2 Stealth
 + Level 4.4 Unarmed Combat
 + Level 5.2 Spellcasting
 + Level 5.7 Transmutations
 + Level 0.1 Poison Magic


You had 10 spell levels left.
You knew the following spells:

 Your Spells              Type           Power      Damage    Failure   Level
a - Beastly Appendage     Tmut           44%        N/A       6%          1
b - Wereblood             Tmut           22%        N/A       9%          2
c - Spider Form           Tmut/Pois      13%        N/A       32%         3

Your spell library contained the following spells:

 Spells                   Type           Power      Damage    Failure   Level
 Apportation              Tloc           8%         N/A       34%         1
 Necrotise                Necr           16%        1d4       34%         1
 Summon Small Mammal      Summ           16%        N/A       34%         1
 Frozen Ramparts          Ice            8%         1d2       63%         3
 Ice Form                 Ice/Tmut       13%        N/A       65%         4
 Cause Fear               Hex            2%         N/A       94%         4
 Summon Ice Beast         Ice/Summ       4%         N/A       94%         4
 Dragon Form              Tmut           11%        N/A       100%        7
 Dragon's Call            Summ           2%         N/A       100%        9


Dungeon Overview and Level Annotations

Branches:
Dungeon (5/15)             Temple (0/1) D:5           Sewer (visited)

Altars:
Dithmenos
Fedhas
Gozag
Hepliaklqana
Kikubaaqudgha
Qazlal
Ru
Zin

Shops:
D:5 =??


Innate Abilities, Weirdness & Mutations

You are a venomous arachnid creature.
You have venomous fangs.
You are tiny and dextrous.
Your spellcasting is less reliable in this form.
Your armour is entirely melded.
You are incapable of wielding weapons or throwing items.
You are very small and have problems with some larger weapons.
You are too small for most types of armour.
You have supernaturally acute eyesight. (SInv)
((You cover ground extremely quickly. (Speed+++)))


Message History

The killer bee misses you. x2
You hit the killer bee.
The killer bee is severely wounded.
The killer bee misses you. x2
You closely miss the killer bee.
The killer bee is severely wounded.
The killer bee stings you.
You bite the killer bee!
You kill the killer bee!
Qazlal accepts your kill. The killer bee completely misses you.
Your Dodging skill increases to level 4!
You barely miss the killer bee.
Your transformation has ended.
Your +0 cloak unmelds from your body.
Your +1 robe unmelds from your body.
The killer bee barely misses you. The killer bee completely misses you.
Casting: Spider Form (quite dangerous; 14% risk of failure)
Confirm with . or Enter, or press ? or * to list all spells.
The spell is quite dangerous to miscast (14% risk of failure)!
Continue anyway?
You turn into a venomous arachnid creature.
Your +0 cloak melds into your body.
Your +1 robe melds into your body.
The killer bee completely misses you. x2
You closely miss the killer bee. The killer bee misses you.
The killer bee stings you!
You closely miss the killer bee. The killer bee stings you!
You are lethally poisoned!
The killer bee poisons you! The killer bee closely misses you.
You barely miss the killer bee.
* * * LOW HITPOINT WARNING * * *
You feel very sick. The killer bee closely misses you. x2
You feel better. The killer bee completely misses you.
The killer bee stings you.
You are poisoned.
The killer bee poisons you!
You hit the killer bee but do no damage.
The killer bee is poisoned.
You feel very sick. The killer bee stings you!
You die...

### ..# ..# ..#
..# ..#
##########y.#
#.......syy.# ###
#.########.## ..#
#.# ... #.###
#.###### ###.#
###
....#####.#....#
# ..
#.#....##.#....#
#.##
#.####..#.#....#
.... #.#
##.#.#....#######
#.## #.#
#...............
#.


You could see 3 killer bees.

Vanquished Creatures
  A phantom (D:4)
  A scorpion (D:4)
  3 killer bees (D:5)
  A jelly (D:5)
  3 iguanas
  A sickly merfolk siren (Sewer)
  A malarious merfolk avatar (Sewer)
  7 adders
  A river rat (Sewer)
  A white imp (D:3)
  3 worms
  3 dart slugs
  6 orcs
  7 endoplasms
  6 giant cockroaches
  6 goblins
  2 hobgoblins (D:1)
  4 jackals (D:2)
  8 quokkas
  12 ball pythons
  2 bats
  5 frilled lizards
  7 kobolds
  25 rats
116 creatures vanquished.

Notes
Turn   | Place    | Note
-------+----------+-------------------------------------------
     0 | D:1      | Brutalitops the Spriggan Transmuter began the quest for the
                  | Orb.
     0 | D:1      | Reached XP level 1. HP: 9/9 MP: 5/5
   232 | D:1      | Reached XP level 2. HP: 11/14 MP: 4/6
   235 | D:1      | Learned a level 2 spell: Wereblood
   763 | D:2      | Identified the +1 spear "Vusocij" {freeze, rElec rN++
                  | Dex+5}
   972 | D:2      | Reached XP level 3. HP: 17/17 MP: 6/8
   976 | D:2      | Learned a level 3 spell: Spider Form
  1575 | D:3      | Found a blossoming altar of Fedhas.
  1587 | D:3      | Reached XP level 4. HP: 17/21 MP: 7/10
  1707 | D:3      | Found an ancient bone altar of Kikubaaqudgha.
  1797 | D:3      | Found a glowing drain.
  1801 | Sewer    | Entered a sewer
  1821 | Sewer    | HP: 1/21 [river rat (8)]
  1914 | Sewer    | Reached skill level 1 in Stealth
  2168 | Sewer    | Reached XP level 5. HP: 16/25 MP: 7/11
  3162 | D:3      | Found an opulent altar of Gozag.
  3348 | D:4      | Found a stormy altar of Qazlal.
  3477 | D:4      | Became a worshipper of Qazlal Stormbringer
  3684 | D:4      | Noticed a phantom
  3697 | D:4      | Killed a phantom
  3698 | D:4      | Reached skill level 5 in Transmutations
  3698 | D:4      | Reached XP level 6. HP: 18/29 MP: 10/13
  3800 | D:4      | Found a hazy altar of Hepliaklqana.
  3801 | D:4      | Found a shadowy altar of Dithmenos.
  3801 | D:4      | Noticed a shadow
  3817 | D:4      | Identified the staff of fire "Pihat" {rF+ Str+6}
  4491 | D:5      | Entered Level 5 of the Dungeon
  4525 | D:5      | Found Niehaq's Magic Scroll Boutique.
  4550 | D:5      | Found a sacrificial altar of Ru.
  4590 | D:5      | Found a glowing silver altar of Zin.
  4653 | D:5      | Found Cucunutexa's Magic Scroll Shoppe.
  4704 | D:5      | Found a staircase to the Ecumenical Temple.
  4751 | D:5      | Reached skill level 5 in Spellcasting
  4816 | D:5      | Found Poinisui's Jewellery Boutique.
  4824 | D:5      | Bought an amulet of regeneration for 390 gold pieces
  4887 | D:5      | Reached XP level 7. HP: 13/32 MP: 12/15
  4901 | D:5      | Slain by a killer bee

Illustrated notes

Levels and vault maps discovered:
D:1:      dpeg_arrival_leaves_temple_mockup, layout_basic
D:2:      layout_loops_ring
D:3:      layout_basic, lemuel_round_altar,
          nicolae_gozag_cash_rules_everything_around_me, amcnicky_altar_gilded,
          gup_sewer_entry_spiral
D:4:      layout_basic, riverfiend_overflow_shadow_ancestor,
          nicolae_qazlal_general_emergency
D:5:      layout_basic, mainiacjoe_overflow_cross_hatched,
          general_overflow_altar, minmay_temple_entry_waves, serial_shops, shop,
          shop, nicolae_shop_window_shopping

Skill      XL: |  1  2  3  4  5  6  7 |
---------------+----------------------+-----
Transmutations | 3 4 5 |  5.7
Unarmed Combat | 3 4 |  4.4
Spellcasting   | 3 4 5 |  5.2
Stealth        | 1 2 3 |  3.2
Dodging        | 3 4 |  4.0
Fighting       | |  0.9
Poison Magic   | |  0.1

Action                     |  1- 3 |  4- 6 |  7- 9 || total
---------------------------+-------+-------+-------++-------
  Melee: Unarmed           |   107 |   215 |    12 ||   334
         Kick              |    29 |    61 |       ||    90
         Headbutt          |    16 |    40 |       ||    56
         Punch             |     1 |     5 |       ||     6
   Cast: Beastly Appendage |    34 |    33 |       ||    67
         Wereblood         |     6 |    15 |       ||    21
         Spider Form       |       |     2 |     1 ||     3
    Use: Scroll            |     6 |     7 |       ||    13
         Potion            |       |     2 |     2 ||     4
   Stab: Sleeping          |     3 |     2 |       ||     5
         Distracted        |       |     1 |       ||     1
 Armour: Robe              |    10 |    21 |       ||    31
         Skin              |       |     1 |       ||     1
  Dodge: Dodged            |    65 |   140 |    21 ||   226
